[Event "POL-chT 2 Liga 2019"]
[Site "Poronin"]
[Date "2019.09.13"]
[Round "7.30"]
[White "Szelag, Zuzanna"]
[Black "Dmochowska, Agnieszka"]
[Result "0-1"]
[ECO "C08"]
[WhiteElo "1824"]
[BlackElo "2110"]
[Annotator "NA"]
[PlyCount "88"]
[EventDate "2019.09.07"]
[EventType "team-tourn"]
[EventCountry "POL"]
[SourceTitle "playchess.com"]
[Source "ChessBase"]
[SourceQuality "1"]
[TimeControl "40/5400+30:1800+30"]

1. e4 e6 2. d4 d5 3. Nd2 c5 4. exd5 exd5 5. Ngf3 Nf6 6. Bb5+ Bd7 7. Bxd7+ Nbxd7 8. Qe2+ Be7 9. O-O O-O 10. dxc5 Nxc5 11. Nb3 Nce4 12. Be3 Qc7 13. h3 Rfe8 14. Qd3 a5 15. a4 Red8 16. c3 Nd6 17. Bf4 Qb6 18. Nbd4 Nfe4 19. b3 Rac8 20. Rac1 Nc5 21. Qb1 Nde4 22. Nf5 Bf6 23. N3d4 Ne6 24. Be3 Nxc3 25. Qd3 Qb4 26. Rc2 Nxd4 27. Nxd4 Ne4 28. Rfc1 Rxc2 29. Nxc2 Qe7 30. Bb6 Rc8 31. Re1 Qd6 32. Rxe4 Qxb6 33. Qxd5 g6 34. Rc4 Rd8 35. Qf3 Kg7 36. Rf4 Rc8 37. Qe3 Qd6 38. Rc4 Rxc4 39. bxc4 Qd1+ 40. Ne1 Qxa4 41. Qc1 Qb3 42. Qc2 a4 43. Kf1 Bc3 44. c5 Bxe1 0-1

[Event "POL-chT 2 Liga 2019"]
[Site "Poronin"]
[Date "2019.09.13"]
[Round "7.31"]
[White "Sieciechowicz, Marcin"]
[Black "Psyk, Radoslaw"]
[Result "1-0"]
[ECO "D86"]
[WhiteElo "2364"]
[BlackElo "2314"]
[Annotator "NA"]
[PlyCount "119"]
[EventDate "2019.09.07"]
[EventType "team-tourn"]
[EventCountry "POL"]
[SourceTitle "playchess.com"]
[Source "ChessBase"]
[SourceQuality "1"]
[TimeControl "40/5400+30:1800+30"]

1. d4 Nf6 2. c4 g6 3. Nc3 d5 4. cxd5 Nxd5 5. e4 Nxc3 6. bxc3 Bg7 7. Bc4 c5 8. Ne2 Nc6 9. Be3 O-O 10. O-O Na5 11. Bd3 b6 12. Rc1 e5 13. dxc5 Be6 14. c4 bxc5 15. Bxc5 Bh6 16. Rc3 Re8 17. Qc2 Qc7 18. Ba3 Red8 19. Rb1 Rab8 20. Rxb8 Qxb8 21. h3 Qc7 22. Bc1 Bxc1 23. Qxc1 Qc5 24. Ng3 Nc6 25. Nf1 Nb4 26. Bb1 Qa5 27. Ra3 Rd1 28. Qxd1 Qxa3 29. Qb3 Qa5 30. Qc3 Qa4 31. Qxe5 Bxc4 32. Ne3 Be6 33. Kh2 Nc6 34. Qc3 Nd4 35. Qd3 Qb4 36. f4 Qb2 37. Nd1 Qb6 38. Nc3 Qd6 39. Ne2 Qb8 40. Nxd4 Qxf4+ 41. Qg3 Qd2 42. Qb8+ Kg7 43. Nxe6+ fxe6 44. Qxa7+ Kh6 45. Qb8 Qc1 46. Qb3 e5 47. Qc2 Qf4+ 48. g3 Qe3 49. a4 Qe1 50. Qa2 Kg5 51. Bd3 h5 52. h4+ Kf6 53. a5 g5 54. Kg2 Qc3 55. Bf1 gxh4 56. gxh4 Qb4 57. Qe2 Kg7 58. a6 Kh6 59. a7 Qb3 60. Qd2+ 1-0

[Event "POL-chT 2 Liga 2019"]
[Site "Poronin"]
[Date "2019.09.13"]
[Round "7.33"]
[White "Komendecki, Jacek"]
[Black "Wisniewski, Michal"]
[Result "0-1"]
[ECO "B94"]
[WhiteElo "2073"]
[BlackElo "2130"]
[Annotator "NA"]
[PlyCount "66"]
[EventDate "2019.09.07"]
[EventType "team-tourn"]
[EventCountry "POL"]
[SourceTitle "playchess.com"]
[Source "ChessBase"]
[SourceQuality "1"]
[TimeControl "40/5400+30:1800+30"]

1. e4 c5 2. Nf3 d6 3. d4 cxd4 4. Nxd4 Nf6 5. Nc3 a6 6. Bg5 Nbd7 7. Qf3 Qc7 8. O-O-O h6 9. Bxf6 Nxf6 10. Nd5 Nxd5 11. exd5 g6 12. Bd3 Bg7 13. Ne6 fxe6 14. Bxg6+ Kd8 15. Qf7 Bf6 16. dxe6 Qb6 17. c3 Kc7 18. Rd2 Rd8 19. Be4 d5 20. Bf5 Rd6 21. Re2 Qb5 22. Rc2 Qc4 23. Kb1 Qf4 24. g4 b5 25. h3 Bb7 26. Rd1 Bc6 27. Bh7 Be8 28. Qg8 Rad8 29. Bd3 Bd7 30. Qh7 Bxe6 31. Bf1 Bg8 32. Qd3 e5 33. Qe2 Bh7 0-1

[Event "POL-chT 2 Liga 2019"]
[Site "Poronin"]
[Date "2019.09.13"]
[Round "7.34"]
[White "Adamczewski, Maciej"]
[Black "Kowalak, Piotr"]
[Result "0-1"]
[ECO "E28"]
[WhiteElo "2109"]
[BlackElo "2108"]
[Annotator "NA"]
[PlyCount "128"]
[EventDate "2019.09.07"]
[EventType "team-tourn"]
[EventCountry "POL"]
[SourceTitle "playchess.com"]
[Source "ChessBase"]
[SourceQuality "1"]
[TimeControl "40/5400+30:1800+30"]

1. d4 Nf6 2. c4 e6 3. Nc3 Bb4 4. e3 O-O 5. a3 Bxc3+ 6. bxc3 d5 7. Nf3 c5 8. Bd3 dxc4 9. Bxc4 Qc7 10. Bb3 b6 11. O-O Bb7 12. h3 Nc6 13. Bb2 Na5 14. Bc2 Nc4 15. Bc1 Rac8 16. Bd3 Bd5 17. Qe2 Nd6 18. Ne5 Be4 19. Bd2 Rfd8 20. Rfc1 Nd7 21. Nxd7 Qxd7 22. Bxe4 Nxe4 23. Be1 Qa4 24. Qb2 Nd6 25. Rab1 Rc6 26. dxc5 Rxc5 27. Qb4 Qc6 28. Rd1 Rc8 29. Qf4 Nc4 30. Rd3 Rd5 31. Rbd1 Rxd3 32. Rxd3 h6 33. e4 Qc7 34. Qc1 Rd8 35. Rd4 e5 36. Rd5 Rxd5 37. exd5 Qd6 38. Qd1 Qxa3 39. Qg4 Nd6 40. Bd2 Kh8 41. Qd7 Qc5 42. Qd8+ Kh7 43. Qa8 Qc7 44. Be3 Qb7 45. Qxb7 Nxb7 46. Kf1 Kg8 47. f4 f6 48. fxe5 fxe5 49. Bf2 Kf7 50. Bg3 Kf6 51. Ke2 b5 52. Bh4+ g5 53. Bf2 a5 54. g4 a4 55. Kd3 Nd6 56. Bc5 Nc4 57. Kc2 e4 58. Bd4+ Ke7 59. Bc5+ Kd7 60. Bf8 a3 61. Kb3 e3 62. Bc5 e2 63. Bf2 Kd6 64. h4 Kxd5 0-1

[Event "POL-chT 2 Liga 2019"]
[Site "Poronin"]
[Date "2019.09.13"]
[Round "7.35"]
[White "Krawiec, Grzegorz"]
[Black "Hasterok, Mateusz"]
[Result "0-1"]
[ECO "B45"]
[WhiteElo "1792"]
[BlackElo "1985"]
[Annotator "NA"]
[PlyCount "46"]
[EventDate "2019.09.07"]
[EventType "team-tourn"]
[EventCountry "POL"]
[SourceTitle "playchess.com"]
[Source "ChessBase"]
[SourceQuality "1"]
[TimeControl "40/5400+30:1800+30"]

1. e4 c5 2. Nf3 Nc6 3. d4 cxd4 4. Nxd4 e6 5. Nc3 Nf6 6. g3 d6 7. Bg2 Bd7 8. Ndb5 Qb8 9. Bf4 Ne5 10. O-O a6 11. Nd4 Be7 12. b3 O-O 13. a4 Qc7 14. Nce2 Rac8 15. Bc1 Rfd8 16. a5 Bc6 17. Nxc6 Nxc6 18. Bd2 d5 19. exd5 Nxd5 20. c4 Ndb4 21. Bxc6 Qxc6 22. Qc1 Nd3 23. Qc2 Ne5 0-1

[Event "POL-chT 2 Liga 2019"]
[Site "Poronin"]
[Date "2019.09.13"]
[Round "7.36"]
[White "Poznanska, Katarzyna"]
[Black "Karykowska, Anna"]
[Result "1/2-1/2"]
[ECO "B40"]
[WhiteElo "2082"]
[BlackElo "1895"]
[Annotator "NA"]
[PlyCount "41"]
[EventDate "2019.09.07"]
[EventType "team-tourn"]
[EventCountry "POL"]
[SourceTitle "playchess.com"]
[Source "ChessBase"]
[SourceQuality "1"]
[TimeControl "40/5400+30:1800+30"]

1. e4 c5 2. Nf3 e6 3. d4 cxd4 4. Nxd4 Bc5 5. Nb3 Bb6 6. c4 Ne7 7. Nc3 O-O 8. Be2 f5 9. O-O Nbc6 10. c5 Bc7 11. f4 fxe4 12. Nxe4 b6 13. Kh1 Ng6 14. Nd6 bxc5 15. Nxc5 Qe7 16. Nce4 a5 17. f5 exf5 18. Qd5+ Kh8 19. Nxf5 Qe5 20. Qxe5 Ngxe5 21. Nfd6 1/2-1/2

[Event "POL-chT 2 Liga 2019"]
[Site "Poronin"]
[Date "2019.09.13"]
[Round "7.37"]
[White "Snihur, Piotr"]
[Black "Wandzik, Wojciech"]
[Result "0-1"]
[ECO "E46"]
[WhiteElo "2232"]
[BlackElo "2409"]
[Annotator "NA"]
[PlyCount "74"]
[EventDate "2019.09.07"]
[EventType "team-tourn"]
[EventCountry "POL"]
[SourceTitle "playchess.com"]
[Source "ChessBase"]
[SourceQuality "1"]
[TimeControl "40/5400+30:1800+30"]

1. d4 Nf6 2. c4 e6 3. Nc3 Bb4 4. e3 O-O 5. Nge2 d5 6. a3 Bxc3+ 7. Nxc3 b6 8. Bd3 Ba6 9. b3 c5 10. dxc5 dxc4 11. bxc4 Nbd7 12. O-O Nxc5 13. Be2 Qxd1 14. Rxd1 Nfe4 15. Nxe4 Nxe4 16. Bb2 Rac8 17. Rd7 Bxc4 18. Bxc4 Rxc4 19. f3 Nc5 20. Rxa7 Rd8 21. Bd4 h5 22. Ra2 h4 23. Bxc5 bxc5 24. Kf2 Rc1 25. Rb7 Rdd1 26. e4 Rf1+ 27. Ke2 Rce1+ 28. Kd3 h3 29. gxh3 Rxf3+ 30. Kc4 Rxe4+ 31. Kb5 Rb3+ 32. Kc6 c4 33. Rxb3 cxb3 34. Rb2 f5 35. Kb5 f4 36. a4 f3 37. Rxb3 f2 0-1

[Event "POL-chT 2 Liga 2019"]
[Site "Poronin"]
[Date "2019.09.13"]
[Round "7.38"]
[White "Lizak, Jakub"]
[Black "Szadkowski, Kamil"]
[Result "1/2-1/2"]
[ECO "B52"]
[WhiteElo "2236"]
[BlackElo "2245"]
[Annotator "NA"]
[PlyCount "33"]
[EventDate "2019.09.07"]
[EventType "team-tourn"]
[EventCountry "POL"]
[SourceTitle "playchess.com"]
[Source "ChessBase"]
[SourceQuality "1"]
[TimeControl "40/5400+30:1800+30"]

1. e4 c5 2. Nf3 d6 3. Bb5+ Bd7 4. c4 g6 5. Nc3 Bg7 6. d4 cxd4 7. Nxd4 Nf6 8. h3 O-O 9. O-O a6 10. Bxd7 Nbxd7 11. Be3 Rc8 12. Qb3 Nc5 13. Qc2 Ncd7 14. b3 Qc7 15. a4 b6 16. Rfe1 Qb7 17. Rad1 1/2-1/2

[Event "POL-chT 2 Liga 2019"]
[Site "Poronin"]
[Date "2019.09.13"]
[Round "7.39"]
[White "Szadkowski, Krzysztof"]
[Black "Gola, Karol"]
[Result "1-0"]
[ECO "A13"]
[WhiteElo "2138"]
[BlackElo "2203"]
[Annotator "NA"]
[PlyCount "51"]
[EventDate "2019.09.07"]
[EventType "team-tourn"]
[EventCountry "POL"]
[SourceTitle "playchess.com"]
[Source "ChessBase"]
[SourceQuality "1"]
[TimeControl "40/5400+30:1800+30"]

1. Nf3 d5 2. c4 e6 3. g3 Nf6 4. Bg2 Bd6 5. O-O c6 6. Qc2 e5 7. e3 O-O 8. b3 e4 9. Ne1 Bf5 10. Bb2 Nbd7 11. f3 Bg6 12. f4 Bf5 13. Nc3 Re8 14. cxd5 cxd5 15. Nb5 Rc8 16. Qxc8 Qxc8 17. Nxd6 Qc6 18. Nxe8 Nxe8 19. Rc1 Qe6 20. Nc2 Nd6 21. Nd4 Qg6 22. Ba3 Bg4 23. f5 Qf6 24. Nb5 Ne8 25. Rc8 Qe5 26. Bd6 1-0

[Event "POL-chT 2 Liga 2019"]
[Site "Poronin"]
[Date "2019.09.13"]
[Round "7.40"]
[White "Szolc, Grzegorz"]
[Black "Leskiewicz, Ignacy"]
[Result "1/2-1/2"]
[ECO "A45"]
[WhiteElo "2038"]
[BlackElo "2116"]
[Annotator "NA"]
[PlyCount "98"]
[EventDate "2019.09.07"]
[EventType "team-tourn"]
[EventCountry "POL"]
[SourceTitle "playchess.com"]
[Source "ChessBase"]
[SourceQuality "1"]
[TimeControl "40/5400+30:1800+30"]

1. d4 Nf6 2. Bf4 g6 3. Nc3 d5 4. e3 Bg7 5. h4 h5 6. Nb5 Na6 7. Nf3 c6 8. Nc3 Nb8 9. Bd3 Nbd7 10. Ne5 O-O 11. Ne2 Qb6 12. b3 c5 13. c3 Nxe5 14. Bxe5 Ng4 15. Bxg7 Kxg7 16. Qd2 Qf6 17. f3 Nh6 18. O-O-O cxd4 19. exd4 a5 20. Rdf1 Qd6 21. Kb2 b5 22. g4 b4 23. gxh5 bxc3+ 24. Nxc3 a4 25. Nb5 Qb6 26. Rfg1 axb3 27. axb3 Bf5 28. hxg6 f6 29. Re1 Rfe8 30. h5 Bxd3 31. Qxd3 Rab8 32. Na3 Qd6 33. Re2 e6 34. Rhe1 Nf5 35. Rc2 Re7 36. Rec1 Reb7 37. Rc3 Qh2+ 38. Qc2 Qxh5 39. Rc7+ Ne7 40. Qc5 Rxb3+ 41. Ka1 Qxf3 42. Qxe7+ Kh6 43. Qh7+ Kg5 44. Rg1+ Kf4 45. Qh4+ Ke3 46. Nc2+ Kd3 47. Ne1+ Ke3 48. Nc2+ Kd3 49. Ne1+ Ke3 1/2-1/2

[Event "POL-chT 2 Liga 2019"]
[Site "Poronin"]
[Date "2019.09.13"]
[Round "7.41"]
[White "Kwiatkowski, Wiktor"]
[Black "Kalmuk, Krzysztof"]
[Result "1/2-1/2"]
[ECO "E15"]
[WhiteElo "2011"]
[BlackElo "1999"]
[Annotator "NA"]
[PlyCount "88"]
[EventDate "2019.09.07"]
[EventType "team-tourn"]
[EventCountry "POL"]
[SourceTitle "playchess.com"]
[Source "ChessBase"]
[SourceQuality "1"]
[TimeControl "40/5400+30:1800+30"]

1. d4 Nf6 2. c4 e6 3. Nf3 b6 4. g3 Ba6 5. e3 Bb4+ 6. Bd2 Be7 7. Qc2 d5 8. b3 O-O 9. Bg2 c6 10. Ne5 Nfd7 11. Nd3 Re8 12. Bb4 Bb7 13. Nd2 c5 14. Bc3 Nc6 15. O-O cxd4 16. exd4 Nf6 17. Qb2 Rc8 18. Rfe1 Qc7 19. Rac1 Qb8 20. Nf4 dxc4 21. bxc4 Na5 22. d5 Nxc4 23. Nxc4 Rxc4 24. Be5 Rxc1 25. Rxc1 Ba3 26. Qc3 Bd6 27. Bxf6 Rc8 28. Qa1 gxf6 29. dxe6 Rxc1+ 30. Qxc1 Bxf4 31. exf7+ Kxf7 32. Qc4+ Kg7 33. gxf4 Bxg2 34. Kxg2 Qd6 35. Qe4 Qc7 36. h4 Qf7 37. Qe2 Qd5+ 38. Kh2 Kf7 39. Qc2 Kg8 40. Kg3 Kg7 41. f3 h5 42. a4 Qf7 43. Qc6 Qe7 44. Qd5 Qe1+ 1/2-1/2

[Event "POL-chT 2 Liga 2019"]
[Site "Poronin"]
[Date "2019.09.13"]
[Round "7.42"]
[White "Mazur, Anna"]
[Black "Pastuszko, Kinga"]
[Result "1-0"]
[ECO "B90"]
[WhiteElo "1697"]
[BlackElo "1998"]
[Annotator "NA"]
[PlyCount "83"]
[EventDate "2019.09.07"]
[EventType "team-tourn"]
[EventCountry "POL"]
[SourceTitle "playchess.com"]
[Source "ChessBase"]
[SourceQuality "1"]
[TimeControl "40/5400+30:1800+30"]

1. e4 c5 2. Nf3 d6 3. d4 cxd4 4. Nxd4 Nf6 5. Nc3 a6 6. h3 e5 7. Nde2 Be6 8. g4 h6 9. Bg2 Nbd7 10. O-O Be7 11. Ng3 g6 12. a4 Nb6 13. Nd5 Bxd5 14. exd5 Rc8 15. b3 Qc7 16. c4 Nbd7 17. Be3 Bd8 18. Re1 h5 19. g5 h4 20. Ne4 Nxe4 21. Bxe4 Nc5 22. Bf3 O-O 23. Rb1 b5 24. axb5 axb5 25. cxb5 Qb7 26. b4 Nd7 27. Qd3 Rb8 28. Rec1 Qxb5 29. Qxb5 Rxb5 30. Rc6 f6 31. Rxd6 Nb8 32. gxf6 Bxf6 33. Bg4 Kg7 34. Bc5 Be7 35. Rb6 Rxb6 36. Bxb6 Na6 37. b5 Nb4 38. Be6 Rb8 39. Bc7 Rxb5 40. d6 Bg5 41. d7 Nd5 42. Bxe5+ 1-0

[Event "POL-chT 2 Liga 2019"]
[Site "Poronin"]
[Date "2019.09.13"]
[Round "7.44"]
[White "Szczepanek, Radoslaw"]
[Black "Kasperek, Ryszard"]
[Result "1/2-1/2"]
[ECO "B21"]
[WhiteElo "2195"]
[BlackElo "2213"]
[Annotator "NA"]
[PlyCount "33"]
[EventDate "2019.09.07"]
[EventType "team-tourn"]
[EventCountry "POL"]
[SourceTitle "playchess.com"]
[Source "ChessBase"]
[SourceQuality "1"]
[TimeControl "40/5400+30:1800+30"]

1. e4 c5 2. f4 d5 3. exd5 Qxd5 4. Nc3 Qd8 5. Nf3 Nc6 6. Bb5 Bd7 7. O-O Nf6 8. Ne5 Rc8 9. Qf3 e6 10. Nxc6 Bxc6 11. Bxc6+ Rxc6 12. f5 c4 13. b3 cxb3 14. axb3 Bc5+ 15. Kh1 O-O 16. Ra4 Qd7 17. fxe6 1/2-1/2

[Event "POL-chT 2 Liga 2019"]
[Site "Poronin"]
[Date "2019.09.13"]
[Round "7.45"]
[White "Cajbel, Maciej"]
[Black "Malinowski, Damian"]
[Result "1/2-1/2"]
[ECO "B18"]
[WhiteElo "2199"]
[BlackElo "2038"]
[Annotator "NA"]
[PlyCount "54"]
[EventDate "2019.09.07"]
[EventType "team-tourn"]
[EventCountry "POL"]
[SourceTitle "playchess.com"]
[Source "ChessBase"]
[SourceQuality "1"]
[TimeControl "40/5400+30:1800+30"]

1. e4 c6 2. d4 d5 3. Nc3 dxe4 4. Nxe4 Bf5 5. Ng3 Bg6 6. h4 h6 7. Nh3 e6 8. Nf4 Bh7 9. Bc4 Nf6 10. Nfh5 Nbd7 11. c3 Nxh5 12. Nxh5 Nf6 13. Bf4 Nxh5 14. Qxh5 Bg6 15. Qg4 Qf6 16. O-O Be7 17. Be5 Qxh4 18. Bxe6 Qxg4 19. Bxg4 O-O 20. Rfe1 f5 21. Bf3 Bf6 22. d5 Bxe5 23. Rxe5 Rfe8 24. Rae1 Rxe5 25. Rxe5 Re8 26. Rxe8+ Bxe8 27. Kf1 Kf8 1/2-1/2

[Event "POL-chT 2 Liga 2019"]
[Site "Poronin"]
[Date "2019.09.13"]
[Round "7.46"]
[White "Sochacki, Zenon"]
[Black "Puczylowski, Marcin"]
[Result "0-1"]
[ECO "E10"]
[WhiteElo "1887"]
[BlackElo "2115"]
[Annotator "NA"]
[PlyCount "32"]
[EventDate "2019.09.07"]
[EventType "team-tourn"]
[EventCountry "POL"]
[SourceTitle "playchess.com"]
[Source "ChessBase"]
[SourceQuality "1"]
[TimeControl "40/5400+30:1800+30"]

1. d4 Nf6 2. c4 e6 3. Nf3 c5 4. d5 b5 5. a4 bxc4 6. Nc3 exd5 7. Nxd5 Nc6 8. Bg5 Be7 9. g3 O-O 10. Nxe7+ Qxe7 11. Bg2 Rb8 12. Bf4 Rxb2 13. Bd6 Rxe2+ 14. Kf1 Rxf2+ 15. Kg1 Qe3 16. Bf4 Qe2 0-1

[Event "POL-chT 2 Liga 2019"]
[Site "Poronin"]
[Date "2019.09.13"]
[Round "7.47"]
[White "Zurkowski, Andrzej"]
[Black "Chrobak, Piotr"]
[Result "1-0"]
[ECO "A01"]
[WhiteElo "2029"]
[BlackElo "1713"]
[Annotator "NA"]
[PlyCount "73"]
[EventDate "2019.09.07"]
[EventType "team-tourn"]
[EventCountry "POL"]
[SourceTitle "playchess.com"]
[Source "ChessBase"]
[SourceQuality "1"]
[TimeControl "40/5400+30:1800+30"]

1. b3 Nf6 2. Bb2 d5 3. e3 c6 4. Nf3 g6 5. h3 Bg7 6. Be2 O-O 7. d4 Ne4 8. O-O f5 9. Nbd2 Nd6 10. Ne5 Nd7 11. c4 Nxe5 12. dxe5 Nf7 13. f4 e6 14. b4 h6 15. Bc3 Bd7 16. a4 Kh7 17. Nb3 g5 18. a5 Rg8 19. Nc5 Bc8 20. Bh5 Nd6 21. cxd5 cxd5 22. Bd4 Nb5 23. Bf7 Nxd4 24. exd4 Bf8 25. Bxg8+ Kxg8 26. Qh5 Kg7 27. fxg5 Qxg5 28. Qxg5+ hxg5 29. Rfc1 Kg6 30. g4 Bxc5 31. Rxc5 Bd7 32. a6 b6 33. Rc7 Bb5 34. Re7 fxg4 35. hxg4 Be2 36. Rxe6+ Kg7 37. Rc1 1-0

[Event "POL-chT 2 Liga 2019"]
[Site "Poronin"]
[Date "2019.09.13"]
[Round "7.48"]
[White "Suchanek, Paulina"]
[Black "Kasperek, Joanna"]
[Result "0-1"]
[ECO "E13"]
[WhiteElo "1574"]
[BlackElo "2045"]
[Annotator "NA"]
[PlyCount "60"]
[EventDate "2019.09.07"]
[EventType "team-tourn"]
[EventCountry "POL"]
[SourceTitle "playchess.com"]
[Source "ChessBase"]
[SourceQuality "1"]
[TimeControl "40/5400+30:1800+30"]

1. d4 Nf6 2. c4 e6 3. Nc3 Bb4 4. Nf3 b6 5. Bg5 h6 6. Bh4 Bb7 7. e3 g5 8. Bg3 Ne4 9. Qc2 Bxc3+ 10. bxc3 Nxg3 11. hxg3 Qf6 12. e4 d6 13. Rb1 Nd7 14. Bd3 e5 15. Qb2 a5 16. Qb5 Ke7 17. Bc2 Qe6 18. Ba4 Bxe4 19. d5 Qf5 20. g4 Qxg4 21. Nh2 Qxg2 22. Qxd7+ Kf8 23. Kd2 Qxf2+ 24. Kc1 Bxh1 25. Ng4 Qf4+ 26. Kb2 Bf3 27. Qxc7 Bxg4 28. Qxd6+ Kg7 29. Bb5 Qd2+ 30. Kb3 Bd1+ 0-1

[Event "POL-chT 2 Liga 2019"]
[Site "Poronin"]
[Date "2019.09.13"]
[Round "7.50"]
[White "Mickiewicz, Piotr"]
[Black "Daniel, Damian"]
[Result "1-0"]
[ECO "B10"]
[WhiteElo "2226"]
[BlackElo "2196"]
[Annotator "NA"]
[PlyCount "65"]
[EventDate "2019.09.07"]
[EventType "team-tourn"]
[EventCountry "POL"]
[SourceTitle "playchess.com"]
[Source "ChessBase"]
[SourceQuality "1"]
[TimeControl "40/5400+30:1800+30"]

1. e4 c6 2. Nc3 d5 3. Nf3 dxe4 4. Nxe4 Nd7 5. Bc4 e6 6. Qe2 Ngf6 7. Neg5 Nd5 8. O-O Be7 9. d4 h6 10. Ne4 N7f6 11. Ng3 b6 12. Ne5 Bb7 13. Nh5 Nxh5 14. Qxh5 g6 15. Qf3 Bf6 16. Re1 Qe7 17. Bxd5 cxd5 18. Bf4 Bg7 19. Qh3 g5 20. Bg3 O-O 21. f4 Rfe8 22. Ng4 Qf8 23. fxg5 hxg5 24. Be5 f5 25. Rf1 Re7 26. Qh5 Bxe5 27. dxe5 Qg7 28. Nh6+ Kf8 29. Nxf5 exf5 30. Rxf5+ Kg8 31. Rxg5 d4 32. Rxg7+ Rxg7 33. g3 1-0

[Event "POL-chT 2 Liga 2019"]
[Site "Poronin"]
[Date "2019.09.13"]
[Round "7.51"]
[White "Kowalczuk, Wojciech"]
[Black "Mazurkiewicz, Michal"]
[Result "0-1"]
[ECO "B07"]
[WhiteElo "2038"]
[BlackElo "2215"]
[Annotator "NA"]
[PlyCount "82"]
[EventDate "2019.09.07"]
[EventType "team-tourn"]
[EventCountry "POL"]
[SourceTitle "playchess.com"]
[Source "ChessBase"]
[SourceQuality "1"]
[TimeControl "40/5400+30:1800+30"]

1. e4 d6 2. d4 Nf6 3. Nc3 c6 4. g3 Bg4 5. Nf3 e6 6. Bg2 d5 7. e5 Nfd7 8. Ne2 c5 9. c3 Nc6 10. O-O Be7 11. h3 Bf5 12. a3 Qb6 13. dxc5 Nxc5 14. b4 Ne4 15. Nfd4 Nxc3 16. Nxc3 Qxd4 17. Qxd4 Nxd4 18. Bb2 Rc8 19. Kh2 Nb3 20. Rae1 Nd2 21. Rg1 Nc4 22. Bc1 h5 23. Nb5 a6 24. Nd4 Bh7 25. f4 Bd8 26. Rd1 Bb6 27. Rge1 a5 28. Bf3 axb4 29. axb4 Ra8 30. Bg2 O-O 31. Re2 Ra1 32. Ree1 Rfa8 33. g4 Be4 34. Bxe4 dxe4 35. Nb3 R8a2+ 36. Kh1 Rb1 37. Nc5 Bxc5 38. bxc5 Raa1 39. Kg2 Na5 40. Rd8+ Kh7 41. Ra8 Nb3 0-1

[Event "POL-chT 2 Liga 2019"]
[Site "Poronin"]
[Date "2019.09.13"]
[Round "7.52"]
[White "Maciaga, Marcin"]
[Black "Zminda, Bogdan"]
[Result "0-1"]
[ECO "A16"]
[WhiteElo "2118"]
[BlackElo "1970"]
[Annotator "NA"]
[PlyCount "104"]
[EventDate "2019.09.07"]
[EventType "team-tourn"]
[EventCountry "POL"]
[SourceTitle "playchess.com"]
[Source "ChessBase"]
[SourceQuality "1"]
[TimeControl "40/5400+30:1800+30"]

1. c4 Nf6 2. g3 d5 3. cxd5 Nxd5 4. Bg2 g6 5. Nc3 Nxc3 6. bxc3 Bg7 7. Rb1 c6 8. Nf3 O-O 9. O-O b6 10. c4 Nd7 11. Bb2 e5 12. d3 Bb7 13. Nd2 Re8 14. a4 Qc7 15. Bc3 a5 16. Qc2 c5 17. Bd5 Bc6 18. e4 Nf8 19. Rb2 Ne6 20. Rfb1 Ra6 21. Nf1 Nd4 22. Qd1 Bd7 23. Ne3 Rf8 24. Kg2 Kh8 25. Bxd4 cxd4 26. Nf1 f5 27. f3 f4 28. g4 Bf6 29. Qb3 Be7 30. Nd2 Bc5 31. Rh1 Qc8 32. Qd1 Qe8 33. Rb5 Bxb5 34. cxb5 Ra7 35. h4 h6 36. h5 g5 37. Qa1 Qe7 38. Rc1 Rc7 39. Nb3 Rfc8 40. Rc4 Kg7 41. Kf1 Bb4 42. Nxd4 Rxc4 43. dxc4 exd4 44. Qxd4+ Kh7 45. e5 Bc5 46. Qe4+ Kh8 47. Qg6 Qg7 48. Qe6 Rf8 49. Kg2 Bd4 50. Kh3 Rb8 51. Qc6 Bxe5 52. Be6 Qb7 0-1

[Event "POL-chT 2 Liga 2019"]
[Site "Poronin"]
[Date "2019.09.13"]
[Round "7.53"]
[White "Borowski, Przemyslaw"]
[Black "Krasiewicz, Robert"]
[Result "0-1"]
[ECO "A04"]
[WhiteElo "1765"]
[BlackElo "2044"]
[Annotator "NA"]
[PlyCount "94"]
[EventDate "2019.09.07"]
[EventType "team-tourn"]
[EventCountry "POL"]
[SourceTitle "playchess.com"]
[Source "ChessBase"]
[SourceQuality "1"]
[TimeControl "40/5400+30:1800+30"]

1. Nf3 c5 2. g3 Nc6 3. Bg2 g6 4. O-O Bg7 5. d3 d6 6. e4 Nf6 7. c3 O-O 8. Qe2 e5 9. a4 Re8 10. Nbd2 a6 11. Nc4 Rb8 12. a5 Be6 13. Nfd2 d5 14. Nb6 dxe4 15. dxe4 Nxa5 16. Nbc4 Nxc4 17. Nxc4 Qc7 18. f4 Nd7 19. f5 Bxc4 20. Qxc4 Nb6 21. Qe2 Red8 22. Be3 Rd6 23. Rf2 Rbd8 24. Raf1 Rd3 25. fxg6 fxg6 26. Bg5 R8d6 27. Bh3 c4 28. Qg4 h5 29. Qh4 Rd1 30. g4 Rxf1+ 31. Rxf1 hxg4 32. Bxg4 Na4 33. Be7 Nxb2 34. Bxd6 Qxd6 35. Qh3 Bf6 36. Be6+ Kg7 37. Bd5 Nd3 38. Qc8 b5 39. Qg8+ Kh6 40. Bf7 Bg7 41. Kh1 Nf4 42. Qc8 Qd3 43. Rxf4 exf4 44. Kg1 Qe3+ 45. Kf1 Bxc3 46. Qf8+ Bg7 47. Qe7 Qf3+ 0-1

[Event "POL-chT 2 Liga 2019"]
[Site "Poronin"]
[Date "2019.09.13"]
[Round "7.54"]
[White "Andrzejewska, Anna"]
[Black "Czaplewska, Klara"]
[Result "0-1"]
[ECO "C50"]
[WhiteElo "2021"]
[BlackElo "1870"]
[Annotator "NA"]
[PlyCount "94"]
[EventDate "2019.09.07"]
[EventType "team-tourn"]
[EventCountry "POL"]
[SourceTitle "playchess.com"]
[Source "ChessBase"]
[SourceQuality "1"]
[TimeControl "40/5400+30:1800+30"]

1. e4 e5 2. Nf3 Nc6 3. Bc4 Bc5 4. O-O Nf6 5. d4 Bxd4 6. Nxd4 Nxd4 7. f4 d6 8. fxe5 dxe5 9. Bg5 Be6 10. Na3 Qe7 11. c3 Bxc4 12. Bxf6 gxf6 13. Nxc4 Qc5 14. cxd4 Qxc4 15. dxe5 fxe5 16. Rc1 Qe6 17. Qa4+ c6 18. Qa3 a6 19. Rf5 O-O-O 20. Qc5 Rhe8 21. a4 Rd4 22. b4 Rxe4 23. Rf2 Qe7 24. Qxe7 Rxe7 25. b5 Kc7 26. bxc6 bxc6 27. Rf6 Rxa4 28. Rfxc6+ Kb7 29. Rf6 Rf4 30. Rxf4 exf4 31. Rc4 f3 32. gxf3 a5 33. Kf2 Kb6 34. Rh4 Ra7 35. Rxh7 a4 36. Rh8 a3 37. Rb8+ Ka5 38. Rb1 a2 39. Ra1 Kb4 40. Kg3 Kb3 41. h4 Kb2 42. Rxa2+ Rxa2 43. Kg4 Kc3 44. h5 Rh2 45. Kg5 Kd4 46. f4 Ke4 47. h6 f5 0-1

[Event "POL-chT 2 Liga 2019"]
[Site "Poronin"]
[Date "2019.09.14"]
[Round "8.1"]
[White "Lewicki, Miroslaw"]
[Black "Maciejczak, Jakub"]
[Result "0-1"]
[ECO "B17"]
[WhiteElo "2351"]
[BlackElo "2383"]
[Annotator "NA"]
[PlyCount "90"]
[EventDate "2019.09.07"]
[EventType "team-tourn"]
[EventCountry "POL"]
[SourceTitle "playchess.com"]
[Source "ChessBase"]
[SourceQuality "1"]
[TimeControl "40/5400+30:1800+30"]

1. e4 c6 2. d4 d5 3. Nd2 dxe4 4. Nxe4 Nd7 5. Nf3 Ngf6 6. Ng3 e6 7. Be2 Be7 8. O-O O-O 9. b3 Nd5 10. Bb2 Nf4 11. Re1 Nxe2+ 12. Qxe2 b6 13. Rad1 Bb7 14. a3 Qc7 15. c4 Rfe8 16. h3 Nf6 17. Ne5 Bf8 18. Ng4 Nxg4 19. Qxg4 f5 20. Qf3 Rad8 21. Nh5 Qf7 22. Nf4 c5 23. Qc3 Bd6 24. Ne2 Qg6 25. f3 cxd4 26. Nxd4 Bg3 27. Rf1 Be5 28. Qe1 Bb8 29. Ne2 e5 30. Nc3 e4 31. Rxd8 Rxd8 32. fxe4 fxe4 33. Qe2 h6 34. Rd1 Rf8 35. Rf1 Rd8 36. Rd1 Rf8 37. Rf1 Rf3 38. Qd2 Rd3 39. Qf2 Bd6 40. Qe2 Rxh3 41. Nb5 Bh2+ 42. Kh1 e3 43. Nd4 Be5+ 44. Kg1 Bxd4 45. Bxd4 Rg3 0-1